 Dungeon Sprint DCSS version 0.17-a0-1718-g72dbe4d (webtiles) character file.

40004 Kidiri the Unseen (level 13, -15/55 HPs)
             Began as a Spriggan Enchanter on Aug 25, 2015.
             Was the Champion of Dithmenos.
             Killed from afar by an ice dragon (30 damage)
             ... with a blast of cold
             ... in the Dungeon (Sprint III: "The Ten Rune Challenge").
             The game lasted 00:12:44 (3191 turns).

Kidiri the Unseen (Spriggan Enchanter)              Turns: 3191, Time: 00:12:45

Health: -15/55     AC:  3    Str:  4    XL:     13   Next: 2%
Magic:  25/34      EV: 36    Int: 20    God:    Dithmenos [******]
Gold:   36         SH:  0    Dex: 20    Spells: 11 memorised, 18 levels left

rFire  . . .     SeeInvis +     a - +1 dagger
rCold  . . .     Clarity  .     b - +1 robe
rNeg   . . .     SustAt   .     (shield restricted)
rPois  .         Gourm    .     (helmet restricted)
rElec  .         Spirit   .     (no cloak)
rCorr  .         Warding  .     (gloves unavailable)
rMut   .         NoTele   +     (boots unavailable)
MR     ++...                    (no amulet)
Stlth  ++++++++++               (no ring)
                                (no ring)

@: wreathed by umbra, very quick, very resistant to hostile enchantments,
uncannily stealthy
A: unfitting armour, see invisible, clever 1, herbivore 3, speed 3, mutation
resistance 1, slow metabolism 2
a: Shadow Step, Shadow Form, Renounce Religion
}: 1/10 runes: serpentine


You were in the Dungeon.
You worshipped Dithmenos.
Dithmenos was exalted by your worship.
You were full.

You visited 1 branch You collected 36 gold pieces.

Inventory:

Hand weapons
 a - a +1 dagger (weapon)
Armour
 b - a +1 robe (worn)
Scrolls
 j - a scroll of blinking
 o - 2 scrolls of holy word
 q - 2 scrolls of remove curse
Potions
 g - a potion of haste
 h - 2 potions of magic
 l - a potion of invisibility
 m - a potion of might
 s - 3 potions of cure mutation
 t - 3 potions of flight
Comestibles
 c - 6 fruits
 r - 31 royal jellies


   Skills:
 + Level 11.5 Short Blades
 * Level 19.3 Dodging
 * Level 20.8 Stealth
 * Level 16.7 Spellcasting
 + Level 7.7 Conjurations
 + Level 12.8 Hexes
 + Level 13.0 Charms
 + Level 13.0 Translocations
 + Level 8.9 Ice Magic
 - Level 2.2 Invocations


You had 18 spell levels left.
You knew the following spells:

 Your Spells              Type           Power        Failure   Level  Hunger
a - Corona                Hex            ######.      1%          1    None
b - Ensorcelled Hibernat  Hex/Ice        ######       1%          2    None
c - Confuse               Hex            ######..     1%          3    None
d - Tukima's Dance        Hex            ######..     1%          3    None
e - Dazzling Spray        Conj/Hex       ######..     1%          3    None
f - Apportation           Tloc           ######....   0%          1    None
g - Blink                 Tloc           N/A          1%          2    None
h - Shroud of Golubria    Chrm/Tloc      ######....   1%          2    None
i - Portal Projectile     Tloc           ######       1%          3    None
j - Teleport Other        Tloc           ######..     1%          3    None
k - Passage of Golubria   Tloc           N/A          1%          4    None


Dungeon Overview and Level Annotations

Branches:
Dungeon (1/1)

Altars:
Cheibriados
Dithmenos
Elyvilon
Fedhas
Gozag
Kikubaaqudgha
Makhleb
Nemelex Xobeh
Okawaru
Qazlal
Ru
Sif Muna
Trog
Vehumet
Xom
Yredelemnul
Zin
The Shining One
Jiyva
Lugonu

Shops:
D :[?%}[


Innate Abilities, Weirdness & Mutations

You are tiny and cannot use many weapons and most armour.
You have supernaturally acute eyesight.
You are a herbivore.
You cover ground extremely quickly.
You need consume almost no food.
Your mind is acute. (Int +2)
You are somewhat resistant to further mutation.


Message History

Aiming: Confuse
Press: ? - help, Shift-Dir - straight line, f - ice dragon
Aim: an ice dragon (hasn't noticed you, umbra, chance to defeat MR: 61%)
The ice dragon resists with significant effort.
Casting: Confuse
Confirm with . or Enter, or press ? or * to list all spells.
Aiming: Confuse
Press: ? - help, Shift-Dir - straight line, f/p - ice dragon
Aim: an ice dragon (umbra, chance to defeat MR: 61%)
The ice dragon resists with significant effort.
Casting: Confuse
Confirm with . or Enter, or press ? or * to list all spells.
Aiming: Confuse
Press: ? - help, Shift-Dir - straight line, f/p - ice dragon
Aim: an ice dragon (umbra, chance to defeat MR: 61%)
The ice dragon resists with significant effort.
The ice dragon breathes frost at you. The blast of cold hits you!
Ouch! That really hurt!
You die...

#.♣♣
#.......%...##
#♣.♣
#............#
♣%♣♣
###########..#
♣♣.♣
##..%........#
♣.♣♣
#..%.%...%..##
♣.♣♣
#..##########
♣..♣
#...........##
♣♣≈♣♣.####♣♣
##...%.%%....#
♣♣.♣♣.D.§@♣
##########..#
♣♣..♣♣♣♣♣♣.♣
##.))........#
♣.≈≈§§§§§.≈♣
#∩.)).......##
♣.≈.§§§§§§≈♣
#∩.###########
♣.♣.§§§§§§.♣
#∩...........#
♣♣♣♣♣♣♣♣∩∩∩♣
##...........#
♣♣♣♣♣
#############


You could see an ice dragon.

Vanquished Creatures
  Rupert (D)
  A greater naga (D)
  Maud (D)
  A naga warrior (D)
  2 hydras (D)
  2 ice dragons (D)
  Erica (D)
  4 anacondas (D)
  4 death yaks (D)
  A centaur warrior (D)
  A death drake (D)
  A spriggan druid (D)
  An unseen horror (D)
  A lindwurm (D)
  7 black mambas (D)
  A guardian serpent (D)
  2 spiny frogs (D)
  A fire drake (D)
  A komodo dragon (D)
  A queen bee (D)
  3 wandering mushrooms (D)
  8 blink frogs (D)
  3 redbacks (D)
  A shadow (D)
  2 spriggans (D)
  2 nagas (D)
  8 water moccasins (D)
  A spatial vortex (D)
  A swamp drake (D)
  A necrophage (D)
  2 centaurs (D)
  An earth elemental (D)
  2 brain worms (D)
  A water elemental (D)
  A scorpion (D)
  32 killer bees (D)
  A wizard (D)
  An electric eel (D)
  A jelly (D)
  Jessica (D)
  A necromancer (D)
  2 humans (D)
  A kobold demonologist (D)
  2 oozes (D)
  2 swamp drake simulacra (D)
116 creatures vanquished.

Vanquished Creatures (collateral kills)
  A deep elf priest (D)
  A human (D)
2 creatures vanquished.

Vanquished Creatures (others)
  2 draconian scorchers (D)
  2 yaktaurs (D)
  A plant (D)
5 creatures vanquished.

Grand Total: 123 creatures vanquished

Notes
Turn   | Place    | Note
--------------------------------------------------------------
     0 | D        | Kidiri the Spriggan Enchanter began the quest for the Orb.
     0 | D        | Reached XP level 1. HP: 9/9 MP: 5/5
    13 | D        | Reached skill level 5 in Stealth
    18 | D        | Reached XP level 2. HP: 4/13 MP: 5/7
    22 | D        | Learned a level 2 spell: Ensorcelled Hibernation
   100 | D        | Killed a yaktaur
   243 | D        | Noticed Jessica
   246 | D        | Killed Jessica
   246 | D        | Reached skill level 5 in Dodging
   246 | D        | Reached skill level 6 in Stealth
   246 | D        | Reached skill level 1 in Ice Magic
   246 | D        | Reached XP level 3. HP: 16/16 MP: 7/9
   269 | D        | Learned a level 3 spell: Confuse
   271 | D        | Killed a white draconian scorcher
   273 | D        | Learned a level 3 spell: Tukima's Dance
   290 | D        | Killed a white draconian scorcher
   301 | D        | Reached skill level 7 in Stealth
   401 | D        | Noticed a scorpion
   408 | D        | Killed a scorpion
   408 | D        | Reached skill level 8 in Stealth
   408 | D        | Reached skill level 5 in Spellcasting
   408 | D        | Reached skill level 5 in Hexes
   408 | D        | Reached XP level 4. HP: 21/21 MP: 10/12
   413 | D        | Learned a level 3 spell: Dazzling Spray
   433 | D        | Gained mutation: You are weak. (Str -2) [potion of mutation]
   433 | D        | Gained mutation: You expend magic power (3 MP) to strengthen your wands. [potion of mutation]
   434 | D        | Lost mutation: You expend magic power (3 MP) to strengthen your wands. [potion of cure mutation]
   434 | D        | Lost mutation: You are weak. (Str -2) [potion of cure mutation]
   435 | D        | Gained mutation: Your mind is acute. (Int +2) [potion of mutation]
   435 | D        | Gained mutation: You are somewhat resistant to further mutation. [potion of mutation]
   466 | D        | Noticed a water elemental
   469 | D        | Killed a water elemental
   469 | D        | Reached XP level 5. HP: 24/24 MP: 12/14
   478 | D        | Noticed a jelly
   479 | D        | Noticed a shadow
   509 | D        | Killed a shadow
   509 | D        | Reached skill level 9 in Dodging
   509 | D        | Reached skill level 10 in Stealth
   509 | D        | Reached skill level 1 in Conjurations
   509 | D        | Reached XP level 6. HP: 21/28 MP: 1/17
   707 | D        | Killed a jelly
   713 | D        | Found a stormy altar of Qazlal.
   713 | D        | Noticed a spatial vortex
   714 | D        | Found a sacrificial altar of Ru.
   714 | D        | Found a burning altar of Makhleb.
   714 | D        | Found a viscous altar of Jiyva.
   714 | D        | Found a shimmering altar of Xom.
   714 | D        | Found a shadowy altar of Dithmenos.
   714 | D        | Found a sparkling altar of Nemelex Xobeh.
   714 | D        | Found a corrupted altar of Lugonu.
   714 | D        | Found an opulent altar of Gozag.
   716 | D        | Killed a spatial vortex
   716 | D        | Reached skill level 5 in Short Blades
   716 | D        | Reached skill level 10 in Dodging
   716 | D        | Reached skill level 11 in Stealth
   723 | D        | Became a worshipper of Dithmenos the Shadowed
   748 | D        | Found a radiant altar of Vehumet.
   749 | D        | Found a deep blue altar of Sif Muna.
   749 | D        | Found an ancient bone altar of Kikubaaqudgha.
   749 | D        | Noticed a wizard
   750 | D        | Killed a wizard
   766 | D        | Learned a level 1 spell: Apportation
   769 | D        | Learned a level 2 spell: Blink
   772 | D        | Learned a level 2 spell: Shroud of Golubria
   776 | D        | Learned a level 3 spell: Portal Projectile
   785 | D        | Found a glowing silver altar of Zin.
   786 | D        | Found a glowing golden altar of the Shining One.
   786 | D        | Found a white marble altar of Elyvilon.
   786 | D        | Noticed a deep elf priest
   793 | D        | Killed a deep elf priest
   793 | D        | Reached skill level 1 in Charms
   793 | D        | Reached skill level 1 in Translocations
   793 | D        | Reached skill level 1 in Invocations
   793 | D        | Reached XP level 7. HP: 32/32 MP: 8/20
   813 | D        | Learned a level 3 spell: Teleport Other
   870 | D        | Found an iron altar of Okawaru.
   871 | D        | Found a bloodstained altar of Trog.
   871 | D        | Noticed a human
   871 | D        | Noticed a human
   887 | D        | Killed a human
   887 | D        | Reached skill level 12 in Stealth
   912 | D        | Killed a human
  1044 | D        | Found a snail-covered altar of Cheibriados.
  1044 | D        | Noticed a necrophage
  1045 | D        | Found a basalt altar of Yredelemnul.
  1045 | D        | Found a blossoming altar of Fedhas.
  1045 | D        | Noticed a necromancer
  1046 | D        | Killed a necrophage
  1046 | D        | Acquired Dithmenos's first power
  1047 | D        | Killed a necromancer
  1069 | D        | Noticed Erica
  1087 | D        | Killed Erica
  1087 | D        | Reached skill level 13 in Stealth
  1087 | D        | Reached skill level 10 in Spellcasting
  1087 | D        | Reached skill level 5 in Charms
  1087 | D        | Reached XP level 8. HP: 16/36 MP: 4/23
  1256 | D        | Noticed an earth elemental
  1259 | D        | Killed an earth elemental
  1267 | D        | Learned a level 4 spell: Passage of Golubria
  1269 | D        | Noticed a centaur
  1269 | D        | Noticed a centaur warrior
  1269 | D        | Noticed a centaur
  1272 | D        | Killed a centaur warrior
  1272 | D        | Reached skill level 14 in Stealth
  1272 | D        | Reached skill level 5 in Translocations
  1272 | D        | Reached skill level 5 in Ice Magic
  1272 | D        | Reached XP level 9. HP: 39/39 MP: 23/25
  1273 | D        | Killed a centaur
  1274 | D        | Killed a centaur
  1274 | D        | Acquired Dithmenos's second power
  1292 | D        | Noticed an unseen horror
  1294 | D        | Killed an unseen horror
  1306 | D        | Noticed a queen bee
  1306 | D        | Noticed a killer bee
  1306 | D        | Noticed a killer bee
  1306 | D        | Noticed a killer bee
  1306 | D        | Noticed a killer bee
  1306 | D        | Noticed a killer bee
  1306 | D        | Noticed a killer bee
  1306 | D        | Noticed a killer bee
  1306 | D        | Noticed a killer bee
  1306 | D        | Noticed a killer bee
  1306 | D        | Noticed a killer bee
  1306 | D        | Noticed a killer bee
  1306 | D        | Noticed a killer bee
  1306 | D        | Noticed a killer bee
  1306 | D        | Noticed a killer bee
  1307 | D        | Noticed a killer bee
  1307 | D        | Noticed a killer bee
  1307 | D        | Noticed a killer bee
  1307 | D        | Noticed a killer bee
  1307 | D        | Noticed a killer bee
  1307 | D        | Noticed a killer bee
  1307 | D        | Noticed a killer bee
  1307 | D        | Noticed a killer bee
  1307 | D        | Noticed a killer bee
  1307 | D        | Noticed a killer bee
  1307 | D        | Noticed a killer bee
  1307 | D        | Noticed a killer bee
  1307 | D        | Noticed a killer bee
  1307 | D        | Noticed a killer bee
  1307 | D        | Noticed a killer bee
  1307 | D        | Noticed a killer bee
  1307 | D        | Noticed a killer bee
  1307 | D        | Noticed a killer bee
  1308 | D        | Killed a queen bee
  1309 | D        | Killed a killer bee
  1311 | D        | Killed a killer bee
  1311 | D        | Acquired Dithmenos's third power
  1315 | D        | Killed a killer bee
  1317 | D        | Killed a killer bee
  1321 | D        | Killed a killer bee
  1321 | D        | Reached skill level 15 in Stealth
  1323 | D        | Killed a killer bee
  1325 | D        | Killed a killer bee
  1327 | D        | Killed a killer bee
  1327 | D        | Acquired Dithmenos's fourth power
  1329 | D        | Killed a killer bee
  1331 | D        | Killed a killer bee
  1333 | D        | Killed a killer bee
  1335 | D        | Killed a killer bee
  1339 | D        | Killed a killer bee
  1487 | D        | Killed a killer bee
  1489 | D        | Killed a killer bee
  1491 | D        | Killed a killer bee
  1493 | D        | Killed a killer bee
  1493 | D        | Reached XP level 10. HP: 44/44 MP: 20/27
  1495 | D        | Killed a killer bee
  1497 | D        | Killed a killer bee
  1499 | D        | Killed a killer bee
  1501 | D        | Killed a killer bee
  1503 | D        | Killed a killer bee
  1505 | D        | Killed a killer bee
  1507 | D        | Killed a killer bee
  1509 | D        | Killed a killer bee
  1511 | D        | Killed a killer bee
  1515 | D        | Killed a killer bee
  1517 | D        | Killed a killer bee
  1744 | D        | Killed a killer bee
  1748 | D        | Killed a killer bee
  1749 | D        | Killed a killer bee
  1764 | D        | Killed a killer bee
  1837 | D        | Noticed a wandering mushroom
  1839 | D        | Noticed a wandering mushroom
  1839 | D        | Noticed a wandering mushroom
  1841 | D        | Killed a wandering mushroom
  1843 | D        | Killed a wandering mushroom
  1843 | D        | Reached skill level 16 in Stealth
  1843 | D        | Reached skill level 5 in Conjurations
  1844 | D        | Killed a wandering mushroom
  1886 | D        | Noticed a spiny frog
  1886 | D        | Noticed a komodo dragon
  1886 | D        | Noticed a spiny frog
  1889 | D        | Killed a spiny frog
  1891 | D        | Killed a komodo dragon
  1893 | D        | Killed a spiny frog
  1893 | D        | Reached skill level 15 in Dodging
  1920 | D        | Noticed a redback
  1922 | D        | Killed a redback
  1923 | D        | Noticed a brain worm
  1927 | D        | Killed a brain worm
  1932 | D        | Noticed a brain worm
  1934 | D        | Killed a brain worm
  1934 | D        | Reached skill level 10 in Hexes
  1942 | D        | Noticed a lindwurm
  1944 | D        | Noticed a redback
  1945 | D        | Killed a lindwurm
  1947 | D        | Killed a redback
  1952 | D        | Noticed a redback
  1955 | D        | Killed a redback
  1990 | D        | Noticed Maud
  1992 | D        | Killed Maud
  1992 | D        | Reached skill level 17 in Stealth
  1992 | D        | Reached XP level 11. HP: 47/47 MP: 29/29
  2048 | D        | Noticed an electric eel
  2049 | D        | Noticed a five-headed hydra
  2049 | D        | Noticed a four-headed hydra
  2051 | D        | Killed an electric eel
  2315 | D        | Killed a four-headed hydra
  2336 | D        | Killed a five-headed hydra
  2336 | D        | Reached skill level 10 in Translocations
  2357 | D        | Noticed a death drake
  2359 | D        | Killed a death drake
  2359 | D        | Reached skill level 10 in Charms
  2383 | D        | Noticed a water moccasin
  2383 | D        | Noticed a black mamba
  2383 | D        | Noticed a black mamba
  2385 | D        | Killed a water moccasin
  2386 | D        | Killed a black mamba
  2387 | D        | Killed a black mamba
  2387 | D        | Reached skill level 18 in Stealth
  2408 | D        | Noticed a water moccasin
  2408 | D        | Noticed a black mamba
  2408 | D        | Noticed an anaconda
  2408 | D        | Noticed a water moccasin
  2408 | D        | Noticed a water moccasin
  2408 | D        | Noticed a black mamba
  2408 | D        | Noticed a black mamba
  2409 | D        | Noticed a water moccasin
  2410 | D        | Killed an anaconda
  2411 | D        | Killed a black mamba
  2412 | D        | Killed a black mamba
  2414 | D        | Killed a water moccasin
  2415 | D        | Killed a water moccasin
  2416 | D        | Killed a water moccasin
  2417 | D        | Killed a black mamba
  2419 | D        | Killed a water moccasin
  2457 | D        | Noticed an anaconda
  2457 | D        | Noticed an anaconda
  2457 | D        | Noticed a water moccasin
  2457 | D        | Noticed a water moccasin
  2457 | D        | Noticed a water moccasin
  2458 | D        | Killed an anaconda
  2458 | D        | Reached skill level 10 in Short Blades
  2460 | D        | Noticed an anaconda
  2461 | D        | Killed an anaconda
  2462 | D        | Killed a water moccasin
  2464 | D        | Killed a water moccasin
  2466 | D        | Killed a water moccasin
  2469 | D        | Killed an anaconda
  2469 | D        | Reached skill level 19 in Stealth
  2469 | D        | Reached skill level 15 in Spellcasting
  2502 | D        | Noticed a naga
  2502 | D        | Noticed a naga
  2503 | D        | Noticed a naga warrior
  2503 | D        | Noticed a greater naga
  2503 | D        | Found Udurchov's Food Shop.
  2503 | D        | Found Xuming's Gadget Shoppe.
  2503 | D        | Found Eday's Antique Armour Boutique.
  2504 | D        | Killed a naga
  2504 | D        | Reached XP level 12. HP: 51/51 MP: 27/32
  2505 | D        | Killed a naga
  2507 | D        | Killed a naga warrior
  2508 | D        | Killed a greater naga
  2523 | D        | Noticed a guardian serpent
  2525 | D        | Killed a guardian serpent
  2528 | D        | Got a serpentine rune of Zot
  2585 | D        | Found a blossoming altar of Fedhas.
  2585 | D        | Noticed a spriggan
  2585 | D        | Noticed a spriggan druid
  2585 | D        | Noticed a spriggan
  2587 | D        | Killed a spriggan
  2588 | D        | Killed a spriggan druid
  2589 | D        | Killed a spriggan
  2632 | D        | Noticed a swamp drake
  2632 | D        | Noticed a fire drake
  2633 | D        | Killed a fire drake
  2635 | D        | Killed a swamp drake
  2642 | D        | Noticed a blink frog
  2643 | D        | Noticed a blink frog
  2643 | D        | Noticed a blink frog
  2643 | D        | Noticed a blink frog
  2643 | D        | Noticed a blink frog
  2644 | D        | Killed a blink frog
  2646 | D        | Killed a blink frog
  2648 | D        | Killed a blink frog
  2655 | D        | Killed a blink frog
  2659 | D        | Killed a blink frog
  2736 | D        | Noticed Rupert
  2738 | D        | Killed Rupert
  2738 | D        | Reached skill level 20 in Stealth
  2740 | D        | Killed a yaktaur
  2762 | D        | Noticed a death yak
  2763 | D        | Noticed a death yak
  2763 | D        | Noticed a blink frog
  2764 | D        | Noticed an azure jelly
  2764 | D        | Noticed a death yak
  2764 | D        | Noticed an azure jelly
  2764 | D        | Noticed a blink frog
  2764 | D        | Noticed a death yak
  2765 | D        | Killed a death yak
  2766 | D        | Killed a blink frog
  2767 | D        | Killed a death yak
  2768 | D        | Noticed a blink frog
  2768 | D        | Noticed a black mamba
  2770 | D        | Killed a death yak
  2771 | D        | Killed a blink frog
  2772 | D        | Noticed a black mamba
  2773 | D        | Killed a blink frog
  2774 | D        | Killed a death yak
  2777 | D        | Killed a black mamba
  2778 | D        | Killed a black mamba
  2792 | D        | Noticed an azure jelly
  2792 | D        | Noticed an azure jelly
  2813 | D        | Noticed an ice dragon
  2820 | D        | Noticed an ice dragon
  2823 | D        | Noticed an ice dragon
  2831 | D        | Killed an ice dragon
  3023 | D        | Killed an ice dragon
  3023 | D        | Reached XP level 13. HP: 55/55 MP: 30/34
  3043 | D        | Found Ibloa's Book Shoppe.
  3043 | D        | Found Ygeotunku's Antique Armour Boutique.
  3152 | D        | Found Odoyr's Magic Scroll Emporium.
  3191 | D        | Killed from afar by an ice dragon

Vault maps used:
D:        dungeon_sprint_mu

Action                   |  1- 3 |  4- 6 |  7- 9 | 10-12 | 13-15 || total
-------------------------+-------+-------+-------+-------+-------++-------
Melee: Dagger            |    19 |    12 |    76 |   121 |       ||   228
 Cast: Ensorcelled Hiber |     2 |     4 |    22 |    29 |       ||    57
       Dazzling Spray    |       |     5 |     5 |     6 |     3 ||    19
       Confuse           |       |     1 |     5 |     4 |     3 ||    13
       Tukima's Dance    |       |     1 |     1 |       |       ||     2
       Shroud of Golubri |       |       |     1 |       |       ||     1
Invok: Shadow Step       |       |       |       |    18 |       ||    18
  Use: Scroll            |       |     5 |       |       |       ||     5
       Potion            |       |     6 |       |       |       ||     6
 Stab: Sleeping          |     4 |     5 |    25 |    72 |       ||   106
       Confused          |       |       |     3 |     2 |       ||     5
       Invisible         |       |       |     1 |     2 |       ||     3
  Eat: Bread ration      |       |       |       |     1 |       ||     1
